[Event "WYCC 2018 O14"]
[Site "Halkidiki"]
[Date "2018.10.27"]
[Round "8"]
[White "Wang, Alex"]
[Black "Ghazaryan, Raffi"]
[Result "1-0"]
[ECO "B40"]
[WhiteElo "2076"]
[BlackElo "1916"]
[Annotator "NA"]
[PlyCount "144"]
[EventDate "2018.10.20"]
[EventType "swiss"]
[EventCountry "GRE"]
[SourceTitle "playchess.com"]
[Source "ChessBase"]
[SourceQuality "1"]
[TimeControl "40/5400+30:1800+30"]

1. e4 c5 2. Nf3 e6 3. d4 cxd4 4. Nxd4 Nf6 5. Nc3 Nc6 6. Ndb5 Bb4 7. a3 Bxc3+ 8. Nxc3 d5 9. exd5 exd5 10. Bd3 O-O 11. O-O h6 12. h3 d4 13. Ne2 Re8 14. b4 Qd5 15. Bb2 Bf5 16. Bxf5 Qxf5 17. Nxd4 Nxd4 18. Bxd4 Rad8 19. c3 Nd5 20. Re1 Nf4 21. Qf3 g6 22. Bxa7 Kh7 23. Be3 Nd3 24. Qxf5 gxf5 25. Red1 f4 26. Bd4 Nb2 27. Re1 Nc4 28. a4 Kg6 29. a5 Kf5 30. g4+ Kg5 31. Kg2 f5 32. Bc5 Ne5 33. gxf5 Kxf5 34. Rad1 Rg8+ 35. Kh1 Nd3 36. Bb6 Rd7 37. Rg1 Rc8 38. b5 Rxc3 39. a6 bxa6 40. bxa6 Rc8 41. a7 Ra8 42. Rd2 Rb7 43. Rxd3 Rxb6 44. Rg7 Ke4 45. Ra3 Rb1+ 46. Kg2 Rb5 47. Re7+ Kf5 48. Kf3 Kg5 49. Re6 h5 50. Re7 Kf6 51. Rd7 Kf5 52. h4 Ke6 53. Rc7 Kf5 54. Rc6 Ke5 55. Rh6 Kd4 56. Ra4+ Kc3 57. Kxf4 Kb3 58. Raa6 Kc4 59. Rhg6 Kd3 60. Rg5 Rb7 61. Rxh5 Raxa7 62. Rxa7 Rxa7 63. Re5 Kd4 64. h5 Rh7 65. Rf5 Kc4 66. Kg5 Kd4 67. Kg6 Rh8 68. Kg7 Rd8 69. h6 Ke4 70. Rf8 Rd1 71. h7 Rg1+ 72. Kf7 Kd5 1-0

[Event "WYCC 2018 O14"]
[Site "Halkidiki"]
[Date "2018.10.27"]
[Round "8"]
[White "Runets, Ivan"]
[Black "Vujovic, Savo"]
[Result "0-1"]
[ECO "D02"]
[WhiteElo "2047"]
[BlackElo "1781"]
[Annotator "NA"]
[PlyCount "128"]
[EventDate "2018.10.20"]
[EventType "swiss"]
[EventCountry "GRE"]
[SourceTitle "playchess.com"]
[Source "ChessBase"]
[SourceQuality "1"]
[TimeControl "40/5400+30:1800+30"]

1. d4 d5 2. Nf3 Nf6 3. Bf4 c5 4. c3 Nc6 5. e3 Qb6 6. Qb3 c4 7. Qc2 Bf5 8. Qc1 Nh5 9. Bg3 e6 10. Nbd2 Nxg3 11. hxg3 Qc7 12. Be2 h6 13. Bd1 Bd6 14. Bc2 Bxc2 15. Qxc2 b5 16. e4 O-O 17. e5 Be7 18. g4 Qd8 19. Rh5 f5 20. gxf5 exf5 21. Rxf5 Qd7 22. Rxf8+ Rxf8 23. Kf1 Nd8 24. Kg1 Qg4 25. Re1 Ne6 26. Nh2 Qh5 27. g3 Rxf2 28. Kxf2 Qxh2+ 29. Kf1 Ng5 30. Qf5 Qxd2 31. Qf2 Qd3+ 32. Kg2 Ne4 33. Qf3 Qxf3+ 34. Kxf3 Kf7 35. a3 h5 36. Re2 a5 37. Rc2 g5 38. g4 h4 39. Rc1 Ke6 40. Rc2 Bf8 41. Ke2 b4 42. axb4 axb4 43. cxb4 Bxb4 44. Rc1 c3 45. bxc3 Bxc3 46. Rd1 h3 47. Kf3 h2 48. Rh1 Bxd4 49. Rxh2 Kxe5 50. Rh8 Bc3 51. Re8+ Kd4 52. Rd8 Bd2 53. Ra8 Kd3 54. Re8 Nc3 55. Rd8 d4 56. Rd7 Be3 57. Rh7 Kc2 58. Rd7 Bg1 59. Kg2 d3 60. Kxg1 d2 61. Kf2 d1=Q 62. Rxd1 Kxd1 63. Ke3 Ne2 64. Kd3 Nf4+ 0-1

[Event "WYCC 2018 O14"]
[Site "Halkidiki"]
[Date "2018.10.27"]
[Round "8"]
[White "Karadzhov, Ivan"]
[Black "Cohen Revivo, Shoham"]
[Result "1/2-1/2"]
[ECO "A04"]
[WhiteElo "2040"]
[BlackElo "2289"]
[Annotator "NA"]
[PlyCount "144"]
[EventDate "2018.10.20"]
[EventType "swiss"]
[EventCountry "GRE"]
[SourceTitle "playchess.com"]
[Source "ChessBase"]
[SourceQuality "1"]
[TimeControl "40/5400+30:1800+30"]

1. Nf3 e6 2. g3 b6 3. Bg2 Bb7 4. O-O f5 5. d3 Nf6 6. Nbd2 g6 7. Re1 Bg7 8. e4 fxe4 9. dxe4 O-O 10. e5 Ng4 11. h3 Nh6 12. Ne4 Nf7 13. Neg5 Nxg5 14. Nxg5 Bxg2 15. Kxg2 Nc6 16. f4 Qe7 17. c3 Rad8 18. Qe2 h6 19. Nf3 Qf7 20. Be3 Ne7 21. Rad1 Nf5 22. Bc1 Rfe8 23. g4 Ne7 24. Qe4 Rf8 25. c4 Nc6 26. h4 Ne7 27. Re2 Qe8 28. Rh1 d5 29. exd6 Rxd6 30. h5 c5 31. hxg6 Qxg6 32. Qxg6 Nxg6 33. Kg3 Rd3 34. Rf1 Kf7 35. Kg2 Rfd8 36. f5 exf5 37. gxf5 Ne7 38. f6 Bxf6 39. Ne5+ Kg7 40. Nxd3 Rxd3 41. Bxh6+ Kg6 42. Bc1 Nf5 43. Ref2 Nh4+ 44. Kh1 Be5 45. Bf4 Bd4 46. Rd2 Rxd2 47. Bxd2 Bxb2 48. Bf4 Nf5 49. Kg2 Bd4 50. Kf3 Kf6 51. Ke4 Ke6 52. Rf3 Ne7 53. Rh3 Kd7 54. Rh7 Ke6 55. a4 Bc3 56. Bg5 Nc6 57. Rc7 Kd6 58. Bf4+ Be5 59. Rxc6+ Kxc6 60. Bxe5 a6 61. Bc3 b5 62. a5 bxc4 63. Ke5 Kc7 64. Kd5 Kb7 65. Kxc5 Kc7 66. Kxc4 Kb7 67. Kc5 Ka7 68. Kc6 Ka8 69. Kb6 Kb8 70. Kxa6 Ka8 71. Kb6 Kb8 72. a6 Ka8 1/2-1/2

[Event "WYCC 2018 O14"]
[Site "Halkidiki"]
[Date "2018.10.27"]
[Round "8"]
[White "Kasioumis, Vasilios"]
[Black "Gombocz, Ferenc Jr."]
[Result "1/2-1/2"]
[ECO "C50"]
[WhiteElo "2038"]
[BlackElo "2271"]
[Annotator "NA"]
[PlyCount "134"]
[EventDate "2018.10.20"]
[EventType "swiss"]
[EventCountry "GRE"]
[SourceTitle "playchess.com"]
[Source "ChessBase"]
[SourceQuality "1"]
[TimeControl "40/5400+30:1800+30"]

1. e4 e5 2. Nf3 Nc6 3. Bc4 d6 4. d4 exd4 5. Nxd4 g6 6. Nc3 Bg7 7. Be3 Nf6 8. f3 O-O 9. Qd2 Re8 10. O-O-O Ne5 11. Bb3 a6 12. a3 b5 13. Bg5 Qd7 14. Qf4 Nh5 15. Qe3 c5 16. Nde2 c4 17. Ba2 Rb8 18. g4 Nf6 19. Qf4 b4 20. axb4 h6 21. Bxf6 g5 22. Qe3 Bxf6 23. Nd5 Bg7 24. h4 Bb7 25. Nec3 Bxd5 26. Nxd5 Qa4 27. Kb1 a5 28. hxg5 axb4 29. gxh6 b3 30. cxb3 cxb3 31. hxg7 Qxa2+ 32. Kc1 Rbc8+ 33. Nc3 Qa1+ 34. Kd2 Nc4+ 35. Kd3 Qxd1+ 36. Nxd1 Nxe3 37. Nxe3 Kxg7 38. Nf5+ Kf6 39. Rh6+ Kg5 40. Rh5+ Kf4 41. Nxd6 Red8 42. Rd5 Kxf3 43. Nxc8 Rxc8 44. Rb5 Rd8+ 45. Kc3 Kxe4 46. Kxb3 Rg8 47. Rf5 Rxg4 48. Rxf7 Kd5 49. Rc7 Kd6 50. Rc1 Rg8 51. Rc4 Rb8+ 52. Kc3 Rb6 53. b3 Rb7 54. Kb2 Rb8 55. Ka3 Ra8+ 56. Ra4 Rb8 57. Rc4 Ra8+ 58. Kb4 Rb8+ 59. Kc3 Rb6 60. Rc8 Kd7 61. Rc5 Kd6 62. Rh5 Kc7 63. Kc4 Rg6 64. Kb5 Rb6+ 65. Kc4 Rc6+ 66. Kb4 Rb6+ 67. Rb5 Kc6 1/2-1/2

[Event "WYCC 2018 O14"]
[Site "Halkidiki"]
[Date "2018.10.27"]
[Round "8"]
[White "Gavriil, Odysseas-Panagiotis"]
[Black "Vettese, Nicholas"]
[Result "1/2-1/2"]
[ECO "D90"]
[WhiteElo "2009"]
[BlackElo "2338"]
[Annotator "NA"]
[PlyCount "72"]
[EventDate "2018.10.20"]
[EventType "swiss"]
[EventCountry "GRE"]
[SourceTitle "playchess.com"]
[Source "ChessBase"]
[SourceQuality "1"]
[TimeControl "40/5400+30:1800+30"]

1. d4 Nf6 2. c4 g6 3. Nc3 d5 4. Nf3 Bg7 5. h4 dxc4 6. e4 c5 7. d5 b5 8. h5 b4 9. h6 Bxh6 10. Bxh6 bxc3 11. bxc3 Nxe4 12. Qa4+ Nd7 13. Bxc4 Qb6 14. O-O g5 15. Bg7 Rg8 16. Rfe1 Qb2 17. Rxe4 Qxa1+ 18. Re1 Qxe1+ 19. Nxe1 Rxg7 20. Nd3 Kf8 21. Qc6 Nb6 22. Qxc5 Rg6 23. Bb5 Bb7 24. Nb4 Rc8 25. Qd4 Kg8 26. c4 Rf6 27. Bc6 Ba8 28. c5 Rf4 29. Qe5 Rxb4 30. Qxg5+ Kf8 31. Qh6+ Kg8 32. Qg5+ Kf8 33. Qh6+ Kg8 34. Qg5+ Kf8 35. Qh6+ Kg8 36. Qg5+ Kf8 1/2-1/2

[Event "WYCC 2018 O14"]
[Site "Halkidiki"]
[Date "2018.10.27"]
[Round "8"]
[White "Egorov, Mikhail"]
[Black "Krallis, Christos"]
[Result "0-1"]
[ECO "B34"]
[WhiteElo "2006"]
[BlackElo "2139"]
[Annotator "NA"]
[PlyCount "84"]
[EventDate "2018.10.20"]
[EventType "swiss"]
[EventCountry "GRE"]
[SourceTitle "playchess.com"]
[Source "ChessBase"]
[SourceQuality "1"]
[TimeControl "40/5400+30:1800+30"]

1. e4 c5 2. Nc3 Nc6 3. Nge2 g6 4. d4 cxd4 5. Nxd4 Bg7 6. Nb3 Nf6 7. Bc4 O-O 8. O-O d6 9. Re1 Bd7 10. Nd5 Rc8 11. Bf1 Re8 12. c3 Nxd5 13. exd5 Ne5 14. Nd4 Qa5 15. Qb3 b5 16. Bxb5 Rb8 17. Bxd7 Rxb3 18. Nxb3 Qd8 19. Bxe8 Qxe8 20. Be3 Qa8 21. Rad1 Nc4 22. Re2 Nb6 23. Bxb6 axb6 24. a3 Qa4 25. Rxe7 Qxb3 26. Re8+ Bf8 27. Rd2 Qb5 28. Ra8 Kg7 29. Ra7 Kf6 30. a4 Qc4 31. f4 Qc5+ 32. Rd4 b5 33. Ra5 Bg7 34. g4 Ke7 35. Rxb5 Bxd4+ 36. Kg2 Qc4 37. cxd4 Qxa4 38. Rb7+ Kf6 39. g5+ Kg7 40. h4 Qxd4 41. Re7 Qxf4 42. b4 Qxh4 0-1

[Event "WYCC 2018 O14"]
[Site "Halkidiki"]
[Date "2018.10.27"]
[Round "8"]
[White "Misyura, Ilya"]
[Black "Czopor, Maciej"]
[Result "0-1"]
[ECO "E40"]
[WhiteElo "1967"]
[BlackElo "2219"]
[Annotator "NA"]
[PlyCount "60"]
[EventDate "2018.10.20"]
[EventType "swiss"]
[EventCountry "GRE"]
[SourceTitle "playchess.com"]
[Source "ChessBase"]
[SourceQuality "1"]
[TimeControl "40/5400+30:1800+30"]

1. d4 Nf6 2. c4 e6 3. Nc3 Bb4 4. e3 d5 5. Bd3 e5 6. a3 Bxc3+ 7. bxc3 O-O 8. cxd5 Qxd5 9. f3 e4 10. c4 Qg5 11. fxe4 Nxe4 12. g3 Re8 13. Ne2 Bh3 14. Qa4 Nc6 15. Nf4 Nxd4 16. Bxe4 Rxe4 17. Kf2 Nc6 18. Ra2 Be6 19. Rb2 Rxc4 20. Qd1 Rd8 21. Qe2 Qc5 22. Rd1 Rxd1 23. Qxd1 Rxc1 24. Nxe6 Qf5+ 25. Qf3 Rf1+ 26. Kxf1 Qxf3+ 27. Rf2 Qd1+ 28. Kg2 fxe6 29. a4 Ne5 30. e4 Ng4 0-1

[Event "WYCC 2018 O14"]
[Site "Halkidiki"]
[Date "2018.10.27"]
[Round "8"]
[White "Jurakic, Lukas"]
[Black "Munshi, Aditya"]
[Result "0-1"]
[ECO "B94"]
[WhiteElo "1961"]
[BlackElo "2133"]
[Annotator "NA"]
[PlyCount "88"]
[EventDate "2018.10.20"]
[EventType "swiss"]
[EventCountry "GRE"]
[SourceTitle "playchess.com"]
[Source "ChessBase"]
[SourceQuality "1"]
[TimeControl "40/5400+30:1800+30"]

1. e4 c5 2. Nf3 d6 3. d4 cxd4 4. Nxd4 Nf6 5. Nc3 a6 6. Bg5 Nbd7 7. f4 Qc7 8. Qf3 b5 9. O-O-O Bb7 10. Bd3 g6 11. Nd5 Nxd5 12. exd5 Bg7 13. Nc6 Nf6 14. Rhe1 Bxc6 15. dxc6 O-O 16. f5 Rac8 17. Re2 Qxc6 18. Qxc6 Rxc6 19. Rxe7 gxf5 20. Bxf5 Rc5 21. Rf1 Nd5 22. Ra7 Bd4 23. Be7 Re8 24. Re1 Rxe7 25. Rexe7 Nxe7 26. Bxh7+ Kxh7 27. Rxe7 Kg6 28. Re4 Bf6 29. c3 d5 30. Re8 d4 31. Kc2 dxc3 32. b3 b4 33. Rg8+ Bg7 34. Ra8 Ra5 35. Kb1 Kh7 36. Ra7 Kg6 37. Rc7 Re5 38. Rc6+ Re6 39. Rc5 Re1+ 40. Kc2 Re2+ 41. Kd1 Rxa2 42. Rc4 Rxg2 43. Rxb4 c2+ 44. Kc1 Bh6+ 0-1

[Event "WYCC 2018 O14"]
[Site "Halkidiki"]
[Date "2018.10.27"]
[Round "8"]
[White "Dao, Minh Nhat"]
[Black "Stoyanov, Tsvetan"]
[Result "1/2-1/2"]
[ECO "A45"]
[WhiteElo "1956"]
[BlackElo "2340"]
[Annotator "NA"]
[PlyCount "110"]
[EventDate "2018.10.20"]
[EventType "swiss"]
[EventCountry "GRE"]
[SourceTitle "playchess.com"]
[Source "ChessBase"]
[SourceQuality "1"]
[TimeControl "40/5400+30:1800+30"]

1. d4 Nf6 2. Bf4 c5 3. e3 cxd4 4. exd4 Qb6 5. Nc3 a6 6. Rb1 d5 7. Nf3 e6 8. Bd3 Nc6 9. a3 Bd7 10. Ne2 Nh5 11. Be3 Qc7 12. c3 Bd6 13. Ng3 Nf6 14. Qe2 h6 15. Nd2 O-O 16. O-O e5 17. dxe5 Nxe5 18. Rfe1 Neg4 19. Ndf1 Rae8 20. Qd2 Nxe3 21. Nxe3 Bf4 22. Ngf1 g6 23. Qc2 Kg7 24. Rbd1 Bc6 25. Be2 Qa5 26. Bf3 Be5 27. Qc1 Bb8 28. Nc2 Ba4 29. Rxe8 Rxe8 30. Nfe3 Re5 31. g3 Ba7 32. Re1 Ne4 33. Nd4 h5 34. Kg2 Bd7 35. h4 f5 36. Rd1 Ba4 37. b3 Be8 38. c4 Qc5 39. b4 Qc8 40. Nxd5 Bf7 41. Ne3 Bb8 42. Nd5 Bxd5 43. cxd5 Qxc1 44. Rxc1 Rxd5 45. Rc8 Bxg3 46. Nxf5+ gxf5 47. Bxe4 fxe4 48. Kxg3 Rf5 49. Rc7+ Kg6 50. a4 Rf3+ 51. Kg2 b5 52. Rc6+ Rf6 53. axb5 axb5 54. Rc5 Rf5 55. Rc6+ Rf6 1/2-1/2

[Event "WYCC 2018 O14"]
[Site "Halkidiki"]
[Date "2018.10.27"]
[Round "8"]
[White "Horobrijs, Daniils"]
[Black "Risteski, Emil"]
[Result "0-1"]
[ECO "B92"]
[WhiteElo "1918"]
[BlackElo "2120"]
[Annotator "NA"]
[PlyCount "76"]
[EventDate "2018.10.20"]
[EventType "swiss"]
[EventCountry "GRE"]
[SourceTitle "playchess.com"]
[Source "ChessBase"]
[SourceQuality "1"]
[TimeControl "40/5400+30:1800+30"]

1. e4 c5 2. Nf3 d6 3. d4 cxd4 4. Nxd4 Nf6 5. Nc3 a6 6. Be2 e5 7. Nb3 Be7 8. O-O Be6 9. Be3 O-O 10. f4 exf4 11. Bxf4 Nc6 12. Qe1 Ne5 13. Qg3 Ng6 14. Be3 b5 15. a3 Rc8 16. Nd4 Re8 17. Bd3 Nd7 18. Nf5 Nde5 19. Nxe7+ Qxe7 20. Rae1 Qb7 21. Ne2 a5 22. Nd4 b4 23. Nf5 Red8 24. h4 h5 25. Qg5 b3 26. Nxg7 Kxg7 27. Qh6+ Kg8 28. Bg5 f6 29. Rxf6 Bf7 30. Ref1 Rd7 31. Qxh5 bxc2 32. Bxc2 Rxc2 33. Qh6 Qxe4 34. R6f2 Rxf2 35. Rxf2 Ng4 36. Qh5 Nxf2 37. Kxf2 Bd5 38. b4 Rf7+ {b5} 0-1

[Event "WYCC 2018 O14"]
[Site "Halkidiki"]
[Date "2018.10.27"]
[Round "8"]
[White "Ibarra, Juan Martin"]
[Black "Rasti, Arvin"]
[Result "1-0"]
[ECO "B13"]
[WhiteElo "1899"]
[BlackElo "2064"]
[Annotator "NA"]
[PlyCount "107"]
[EventDate "2018.10.20"]
[EventType "swiss"]
[EventCountry "GRE"]
[SourceTitle "playchess.com"]
[Source "ChessBase"]
[SourceQuality "1"]
[TimeControl "40/5400+30:1800+30"]

1. e4 c6 2. d4 d5 3. exd5 cxd5 4. Bd3 Nc6 5. Nf3 Bg4 6. c3 e6 7. Bf4 Bd6 8. Bxd6 Qxd6 9. O-O Nf6 10. Nbd2 O-O 11. Re1 Rfe8 12. h3 Bf5 13. Ne5 Nd7 14. Bxf5 exf5 15. Nxd7 Qxd7 16. Qf3 g6 17. Nb3 b6 18. a4 Re6 19. Rxe6 Qxe6 20. Qe3 Qxe3 21. fxe3 Re8 22. Kf2 a5 23. Nd2 h5 24. Ra3 Rb8 25. Rb3 Na7 26. c4 dxc4 27. Nxc4 Rc8 28. Rc3 Rb8 29. b3 Nc6 30. Kf3 Nb4 31. Ne5 g5 32. Nc6 g4+ 33. Kg3 Re8 34. Nxb4 axb4 35. Rd3 Kg7 36. d5 Kf6 37. d6 Ke5 38. d7 Rd8 39. hxg4 fxg4 40. Kh4 Ke4 41. Rd6 Kxe3 42. Kxh5 f5 43. Kg6 f4 44. Kf7 Kf2 45. Rd2+ Ke3 46. Ke7 Kxd2 47. Kxd8 Ke3 48. Kc7 Kf2 49. d8=Q Kxg2 50. Qg5 Kf3 51. Kxb6 g3 52. a5 g2 53. a6 Kf2 54. Qxf4+ 1-0

[Event "WYCC 2018 O14"]
[Site "Halkidiki"]
[Date "2018.10.27"]
[Round "8"]
[White "Kouvidis, Ioannis"]
[Black "Antonica, Dragos-Andrei"]
[Result "1/2-1/2"]
[ECO "C17"]
[WhiteElo "1896"]
[BlackElo "2061"]
[Annotator "NA"]
[PlyCount "77"]
[EventDate "2018.10.20"]
[EventType "swiss"]
[EventCountry "GRE"]
[SourceTitle "playchess.com"]
[Source "ChessBase"]
[SourceQuality "1"]
[TimeControl "40/5400+30:1800+30"]

1. e4 e6 2. d4 d5 3. Nc3 Bb4 4. e5 c5 5. Bd2 Ne7 6. a3 Bxc3 7. Bxc3 Nbc6 8. Nf3 cxd4 9. Nxd4 Ng6 10. Nxc6 bxc6 11. Qd4 Qb6 12. b4 Ba6 13. Bd3 Qxd4 14. Bxd4 Bxd3 15. cxd3 a5 16. Kd2 axb4 17. axb4 Kd7 18. Ra5 Rhc8 19. Rha1 Rxa5 20. Rxa5 Rc7 21. g3 Rb7 22. Ra4 Ne7 23. Bc5 Nc8 24. f4 Kc7 25. Ra6 Rb8 26. Kc3 Kb7 27. Ra5 Ra8 28. Rxa8 Kxa8 29. b5 Kb7 30. Kb4 Nb6 31. bxc6+ Kxc6 32. Bxb6 Kxb6 33. d4 h6 34. g4 g6 35. h4 h5 36. g5 Kc6 37. Ka5 Kc7 38. Ka6 Kc6 39. Ka5 1/2-1/2

[Event "WYCC 2018 O14"]
[Site "Halkidiki"]
[Date "2018.10.27"]
[Round "8"]
[White "Ngo, Duc Tri"]
[Black "Popov, Konstantin"]
[Result "1/2-1/2"]
[ECO "B20"]
[WhiteElo "1883"]
[BlackElo "2304"]
[Annotator "NA"]
[PlyCount "155"]
[EventDate "2018.10.20"]
[EventType "swiss"]
[EventCountry "GRE"]
[SourceTitle "playchess.com"]
[Source "ChessBase"]
[SourceQuality "1"]
[TimeControl "40/5400+30:1800+30"]

1. e4 c5 2. Bc4 d6 3. Nf3 Nf6 4. c3 Nc6 5. d3 g6 6. Be3 Bg7 7. Nbd2 O-O 8. O-O Na5 9. Bd5 e6 10. Bb3 Nxb3 11. Qxb3 b6 12. Rad1 Bb7 13. Rfe1 Qc7 14. h3 e5 15. Bg5 Nh5 16. Nf1 h6 17. Bh4 Nf4 18. Bg3 Rae8 19. Ne3 Ne6 20. Nd5 Qd7 21. d4 cxd4 22. cxd4 exd4 23. Qa3 f5 24. Bxd6 fxe4 25. Bxf8 Nxf8 26. Nxd4 Bxd5 27. Nc2 Qf7 28. Nb4 Ba8 29. Nc2 Ne6 30. b4 Nf4 31. Qa4 Bd5 32. Ne3 Be6 33. Ng4 Bxg4 34. hxg4 Re7 35. Qc6 Nd3 36. Rxe4 Qxf2+ 37. Kh1 Rxe4 38. Qxe4 Ne5 39. a4 Qh4+ 40. Kg1 Nxg4 41. Qf4 h5 42. b5 Be5 43. Qc4+ Kh8 44. Qc8+ Kh7 45. Rd7+ Bg7 46. Rxg7+ Kxg7 47. Qc7+ Kh6 48. Qf4+ Kg7 49. Qc7+ Kf8 50. Qc8+ Kf7 51. Qc4+ Kf6 52. Qf4+ Ke6 53. Qe4+ Kf7 54. Qc4+ Ke7 55. Qc7+ Ke6 56. Qc4+ Ke5 57. Qc3+ Kd6 58. Qc6+ Ke7 59. Qc7+ Ke6 60. Qc4+ Ke7 61. Qc7+ Ke8 62. Qc6+ Kf7 63. Qc4+ Kg7 64. Qc7+ Kh6 65. Qf4+ g5 66. Qd6+ Kg7 67. Qe7+ Kg6 68. Qe4+ Kf6 69. Qc6+ Kf5 70. Qf3+ Ke5 71. Qc3+ Kf5 72. Qf3+ Kg6 73. Qe4+ Kg7 74. Qe7+ Kg6 75. Qe4+ Kf7 76. Qd5+ Kf6 77. Qd6+ Kf5 78. Qd3+ 1/2-1/2

[Event "WYCC 2018 O14"]
[Site "Halkidiki"]
[Date "2018.10.27"]
[Round "8"]
[White "Naqopia, Giorgi"]
[Black "Soriano Quispe, Ivan Excender"]
[Result "1-0"]
[ECO "B06"]
[WhiteElo "1857"]
[BlackElo "2054"]
[Annotator "NA"]
[PlyCount "97"]
[EventDate "2018.10.20"]
[EventType "swiss"]
[EventCountry "GRE"]
[SourceTitle "playchess.com"]
[Source "ChessBase"]
[SourceQuality "1"]
[TimeControl "40/5400+30:1800+30"]

1. e4 g6 2. d4 Bg7 3. Nf3 d6 4. Bc4 e6 5. Bg5 Ne7 6. Nc3 a6 7. a4 Nd7 8. Qd2 h6 9. Be3 b6 10. Bb3 Bb7 11. h4 Nf6 12. h5 Nxe4 13. Nxe4 Bxe4 14. hxg6 Nxg6 15. O-O-O Qf6 16. Ne1 Ne7 17. f3 Bb7 18. Nd3 Nf5 19. Nf4 Nxe3 20. Nh5 Qg6 21. Qxe3 O-O-O 22. Bc4 Bf8 23. Qe2 Qg5+ 24. Kb1 a5 25. Ba6 Kb8 26. Bxb7 Kxb7 27. f4 Qg6 28. d5 exd5 29. Rxd5 c6 30. Rd3 d5 31. f5 Qd6 32. Re1 Qc7 33. Qf3 Bc5 34. Ng7 Rhg8 35. f6 Bf8 36. Rde3 Bc5 37. R3e2 Kb8 38. Qf5 Qc8 39. Qh5 Bd4 40. Qxh6 Qc7 41. Re7 Qg3 42. Nf5 Rg6 43. Nxg3 Rxh6 44. Nf5 Rxf6 45. Nxd4 c5 46. Nb5 Rg8 47. Rd7 Re6 48. Rf1 f6 49. Rh1 1-0

[Event "WYCC 2018 O14"]
[Site "Halkidiki"]
[Date "2018.10.28"]
[Round "9"]
[White "Stoyanov, Tsvetan"]
[Black "Trifan, Andrei Ioan"]
[Result "1/2-1/2"]
[ECO "C45"]
[WhiteElo "2340"]
[BlackElo "2290"]
[Annotator "NA"]
[PlyCount "84"]
[EventDate "2018.10.20"]
[EventType "swiss"]
[EventCountry "GRE"]
[SourceTitle "playchess.com"]
[Source "ChessBase"]
[SourceQuality "1"]
[TimeControl "40/5400+30:1800+30"]

1. e4 e5 2. Nf3 Nc6 3. d4 exd4 4. Nxd4 Bc5 5. Nxc6 Qf6 6. Qf3 dxc6 7. Nc3 Be6 8. Qg3 O-O-O 9. Be3 Bxe3 10. Qxe3 Qd4 11. Qxd4 Rxd4 12. Bd3 Nf6 13. f3 Nd7 $11 14. Ne2 Rd6 15. Nf4 Ne5 16. b3 Bd7 17. h4 f5 18. Ke2 Rf8 19. Ke3 c5 20. Rad1 c4 21. Be2 Rxd1 22. Rxd1 fxe4 23. fxe4 cxb3 24. axb3 Re8 25. Ra1 a6 26. Ra5 Bc6 27. Bf3 Nf7 28. Nh5 Rg8 29. Rf5 Nd6 30. Rg5 g6 31. Nf6 Rf8 32. Ng4 Re8 33. Re5 Rf8 34. h5 Kd8 35. hxg6 hxg6 36. Re6 Be8 37. Ne5 Rg8 38. Kf4 g5+ 39. Kg4 Nb5 40. Rh6 Nd4 41. Bd1 a5 42. Rh3 Nc6 1/2-1/2

[Event "WYCC 2018 O14"]
[Site "Halkidiki"]
[Date "2018.10.28"]
[Round "9"]
[White "Vettese, Nicholas"]
[Black "Marn, Jan"]
[Result "1/2-1/2"]
[ECO "C47"]
[WhiteElo "2338"]
[BlackElo "2125"]
[Annotator "NA"]
[PlyCount "115"]
[EventDate "2018.10.20"]
[EventType "swiss"]
[EventCountry "GRE"]
[SourceTitle "playchess.com"]
[Source "ChessBase"]
[SourceQuality "1"]
[TimeControl "40/5400+30:1800+30"]

1. e4 e5 2. Nf3 Nc6 3. Nc3 Nf6 4. d4 exd4 5. Nxd4 Bb4 6. Nxc6 bxc6 7. Bd3 O-O 8. O-O d5 9. exd5 cxd5 10. h3 {[%emt 0:00:07] C47: Scotch Four Knights and Four Knights with 4 g3} c6 11. Qf3 h6 (11... Bd6 12. Bf4 Be6 13. Rfe1 Bxf4 14. Qxf4 Qb8 15. Qxb8 Raxb8 16. Na4 Nd7 17. b3 c5 {½-½ (35) Nakamura,H (2777)-So,W (2780) Saint Louis 2018}) 12. Bf4 Bd6 13. Na4 Qc7 $146 ({Predecessor:} 13... Rb8 14. c4 Be6 15. Rfd1 Qc7 16. Bxd6 Qxd6 17. b3 Rbd8 18. cxd5 Bxd5 19. Qe3 Rd7 {½-½ (41) Kaufman,L (2400)-Sasikiran,K (2470) Hampstead 1998}) 14. Bxh6 Ne4 15. Bc1 f5 16. Rd1 Bh2+ 17. Kh1 Be5 18. c4 Qa5 19. Bc2 Ba6 20. cxd5 $16 cxd5 21. Bf4 Bxf4 22. Qxf4 Rac8 23. Nc3 Nxc3 24. bxc3 Qxc3 25. Rac1 Bc4 26. Bd3 Qb2 27. Rc2 Qb5 28. Rdc1 Qa6 29. Rxc4 dxc4 30. Bxc4+ Rxc4 31. Qxc4+ Qxc4 32. Rxc4 Re8 33. Rc7 Re2 34. Rxa7 Rxf2 35. Kg1 Rb2 36. a4 Ra2 37. a5 f4 38. a6 Kh7 39. Ra8 Kg6 40. a7 Kf7 41. h4 Kg6 42. h5+ Kh7 43. Kf1 Ra6 44. Ke2 Ra3 45. Kf2 Ra2+ 46. Kf3 Ra4 47. Kg4 Ra5 48. Kxf4 Ra4+ 49. Ke5 Ra5+ 50. Ke6 g6 51. h6 Ra1 52. g4 Re1+ 53. Kd5 Rd1+ 54. Ke4 Re1+ 55. Kf3 Rf1+ 56. Kg2 Ra1 57. g5 Rg1+ 58. Kxg1 1/2-1/2

[Event "WYCC 2018 O14"]
[Site "Halkidiki"]
[Date "2018.10.28"]
[Round "9"]
[White "Tanriverdi, Enes"]
[Black "Wang, Alex"]
[Result "1/2-1/2"]
[ECO "E73"]
[WhiteElo "2317"]
[BlackElo "2076"]
[Annotator "NA"]
[PlyCount "201"]
[EventDate "2018.10.20"]
[EventType "swiss"]
[EventCountry "GRE"]
[SourceTitle "playchess.com"]
[Source "ChessBase"]
[SourceQuality "1"]
[TimeControl "40/5400+30:1800+30"]

1. d4 Nf6 2. c4 g6 3. Nc3 Bg7 4. e4 d6 5. Be2 O-O 6. Be3 e5 7. d5 a5 8. g4 Na6 9. g5 Nd7 10. h4 Ndc5 11. h5 c6 12. f3 Bd7 13. Nh3 cxd5 14. cxd5 a4 15. Qd2 Qe8 16. Nf2 $11 b5 17. hxg6 fxg6 18. Rd1 Qb8 19. Kf1 Qb7 20. Kg2 Rac8 21. Rh4 Rf7 22. Rdh1 Bf8 23. Bd1 b4 24. Ne2 Nc7 25. Ng3 b3 26. a3 Nb5 27. Nf1 Nxa3 28. bxa3 b2 29. Bc2 Nb3 30. Qd1 Nd4 31. Bb1 Nxf3 32. R4h3 Bxh3+ 33. Rxh3 Nd4 34. Bxd4 Rc1 35. Qd3 exd4 36. Nd2 Bg7 37. Qe2 Rfc7 38. Nd3 R7c3 39. Qg4 Qe7 40. e5 dxe5 41. d6 Qxd6 42. Qh4 Qd5+ 43. Ne4 R3c2+ 44. Ndf2 Rxb1 45. Qxh7+ Kf8 46. Rf3+ Ke8 47. Qxg6+ Kd8 48. Qxg7 Rg1+ 49. Kxg1 b1=Q+ 50. Kh2 Qd7 51. Rf8+ Kc7 52. Rf7 Qbb5 53. g6 d3 54. Rxd7+ Qxd7 55. Qxd7+ Kxd7 56. g7 Rc8 57. g8=Q Rxg8 58. Nf6+ Ke6 59. Nxg8 Kd5 60. Nf6+ Kc4 61. N6e4 Kb3 62. Nxd3 Kxa3 63. Nec5 e4 64. Nxe4 Kb3 65. Ndc5+ Kc2 66. Nxa4 Kd3 67. Nac5+ Ke3 68. Kg3 Kd4 69. Kf4 Kd5 70. Kf5 Kd4 71. Nd7 Kd5 72. Nf8 Kd4 73. Ne6+ Kd5 74. Nf6+ Kd6 75. Nf4 Kc5 76. Ke5 Kc4 77. Ne4 Kb5 78. Kd5 Kb4 79. Nd3+ Kb3 80. Kd4 Kc2 81. Ndc5 Kb2 82. Kd3 Kc1 83. Nc3 Kb2 84. Nd1+ Kc1 85. Ne3 Kb2 86. Kd2 Kb1 87. Nc4 Ka1 88. Kc1 Ka2 89. Kc2 Ka1 90. Kb3 Kb1 91. Nd3 Ka1 92. Ne3 Kb1 93. Nf1 Ka1 94. Ne1 Kb1 95. Nd2+ Kc1 96. Nf1 Kd1 97. Nf3 Ke2 98. N3d2 Kd3 99. Nf3 Ke2 100. N3d2 Kd3 101. Ne3 1/2-1/2

[Event "WYCC 2018 O14"]
[Site "Halkidiki"]
[Date "2018.10.28"]
[Round "9"]
[White "Dardha, Daniel"]
[Black "Subelj, Jan"]
[Result "0-1"]
[ECO "C48"]
[WhiteElo "2316"]
[BlackElo "2281"]
[Annotator "NA"]
[PlyCount "112"]
[EventDate "2018.10.20"]
[EventType "swiss"]
[EventCountry "GRE"]
[SourceTitle "playchess.com"]
[Source "ChessBase"]
[SourceQuality "1"]
[TimeControl "40/5400+30:1800+30"]

1. e4 e5 2. Nf3 Nc6 3. Nc3 Nf6 4. Bb5 Bd6 5. d3 a6 6. Ba4 O-O 7. a3 Re8 8. Bb3 Be7 9. O-O d6 10. h3 h6 11. Be3 Bf8 12. d4 exd4 13. Nxd4 Na5 14. Ba2 c5 $11 15. Nf5 Nxe4 16. Qd5 Nf6 17. Qxf7+ Kh7 18. Nh4 Nc6 19. Nd5 Be6 20. Nxf6+ Qxf6 21. Qxf6 gxf6 22. Bxe6 Rxe6 23. Rad1 Rd8 24. Rd5 Re5 25. Rfd1 Nd4 26. Rxe5 fxe5 27. c3 Ne6 28. c4 b5 29. b3 Rb8 30. Rd5 bxc4 31. bxc4 Ng7 32. f4 Rb3 33. Kf2 e4 34. f5 Be7 35. Ng6 Nxf5 36. Nxe7 Nxe3 37. Rxd6 Nxc4 38. Rxa6 e3+ 39. Kf3 e2+ 40. Kxe2 Re3+ 41. Kf2 Rxe7 42. Rc6 Ne5 43. Rc8 Re6 44. Ke2 Kg6 45. Kd2 Rc6 46. Ra8 Kf5 47. a4 c4 48. Kc3 Rb6 49. a5 Rb3+ 50. Kc2 Nc6 51. a6 Nb4+ 52. Kc1 c3 53. Rf8+ Kg6 54. Rg8+ Kh5 55. a7 Rb2 56. Kd1 Nd3 0-1